 Dungeon Crawl Stone Soup version 0.21.1-1-g345015fe64 (webtiles) character file.

258 Kohma the Firebug (level 5, 0/38 HPs)
             Began as a Demonspawn Fire Elementalist on July 1, 2018.
             Slain by ImError's ghost (3 damage)
             ... on level 3 of the Dungeon.
             The game lasted 00:13:50 (3192 turns).

Kohma the Firebug (Demonspawn Fire Elementalist)    Turns: 3192, Time: 00:13:51

Health: 0/38       AC:  5    Str:  8    XL:     5   Next: 94%
Magic:  0/9        EV: 12    Int: 18    God:
Gold:   69         SH:  0    Dex: 13    Spells: 6/10 levels left

rFire    . . .     SeeInvis .   a - +0 hunting sling
rCold    . . .     Gourm    .   (no shield)
rNeg     . . .     Faith    .   l - +0 leather armour
rPois    .         Spirit   +   (helmet restricted)
rElec    .         Reflect  .   w - +0 cloak
rCorr    .         Harm     .   (no gloves)
MR       .....                  (no boots)
Stlth    ++........             (no amulet)
HPRegen  0.12/turn              (no ring)
MPRegen  0.11/turn              (no ring)

@: very slightly contaminated
A: horns 1, rugged brown scales 1, magic shield
a: no special abilities


You were on level 3 of the Dungeon.
You were not hungry.

You visited 1 branch of the dungeon, and saw 3 of its levels.

You collected 69 gold pieces.

Inventory:

Hand Weapons
 a - a +0 hunting sling (weapon)
 b - a +0 dagger
 o - a +3 quarterstaff of chaos
 s - a +0 spear
Missiles
 d - 49 stones (quivered)
 m - 4 poisoned needles
Armour
 l - a +0 leather armour (worn)
 v - a +4 chain mail
 w - a +0 cloak (worn)
 x - a +0 buckler
Jewellery
 p - an uncursed ring of wizardry {unknown}
Wands
 y - a wand of polymorph (16)
Scrolls
 f - a scroll of random uselessness {unknown}
 h - a scroll of blinking {unknown}
 i - 2 scrolls of remove curse {unknown}
 j - a scroll of fear {unknown}
 k - 2 scrolls of identify {unknown}
 n - a scroll of teleportation {unknown}
 q - a scroll of silence {unknown}
 A - a scroll of enchant weapon {unknown}
Potions
 e - a potion of curing {unknown}
 r - a potion of invisibility {unknown}
 u - 2 potions of heal wounds {unknown}
Books
 g - a book of Flames

   Spells                             Type                      Level
   a - Flame Tongue                   Conjuration/Fire             1
   b - Throw Flame                    Conjuration/Fire             2
   c - Conjure Flame                  Conjuration/Fire             3
   d - Inner Flame                    Hexes/Fire                   3
   e - Sticky Flame                   Conjuration/Fire             4
   f - Fireball                       Conjuration/Fire             5
Comestibles
 c - 2 rations
 z - 3 chunks of flesh


   Skills:
 + Level 1.1 Fighting
 - Level 3.0 Dodging
 - Level 2.0 Stealth
 + Level 3.0 Spellcasting
 + Level 2.5 Conjurations
 * Level 4.1 Fire Magic


You had 6 spell levels left.
You knew the following spells:

 Your Spells              Type           Power        Failure   Level  Hunger
a - Flame Tongue          Conj/Fire      ##...        6%          1    None
b - Conjure Flame         Conj/Fire      ##......     19%         3    ###....


Dungeon Overview and Level Annotations

Branches:
Dungeon (3/15)

Altars:

Annotations:
D:3 ImError's ghost, amateur HuWn


Innate Abilities, Weirdness & Mutations

You have a pair of small horns on your head.
You are partially covered in rugged brown scales. (AC +1, +3% HP)
When hurt, damage is shared between your health and your magic reserves.


Message History

Firing (i - inventory):
d - 52 stones (quivered)
Press: ? - help, Shift-Dir - straight line, f/p - ImError's ghost
Aim: ImError's ghost (almost destroyed)
You shoot a stone. The stone hits ImError's ghost.
ImError's ghost is almost destroyed.
ImError's ghost hits you.
* * * LOW HITPOINT WARNING * * *
Firing (i - inventory):
d - 51 stones (quivered)
Press: ? - help, Shift-Dir - straight line, f/p - ImError's ghost
Aim: ImError's ghost (almost destroyed)
You shoot a stone.
The stone closely misses ImError's ghost.
The stone misses the butterfly.
ImError's ghost hits you.
* * * LOW HITPOINT WARNING * * *
Firing (i - inventory):
d - 50 stones (quivered)
Press: ? - help, Shift-Dir - straight line, f/p - ImError's ghost
Aim: ImError's ghost (almost destroyed)
You shoot a stone. The stone misses ImError's ghost.
The stone closely misses the butterfly.
ImError's ghost hits you.
You die...

######## #(.....#
#.####.# .
#b####.##########.
#W##.............
#@##.#..###.###.#
#.##.#.(# #..##.##
#.....b.###..†)...
####.##.)...###...
###.####<..b.....
#.....########...
#...b........ #...
##........... #...
#.....b...... #...


You could see ImError's ghost.

Vanquished Creatures
  A bullfrog zombie (D:3)
  Crazy Yiuf (D:2)
  Jessica (D:2)
  Natasha (thrice) (D:2)
  5 adders (D:2)
  A worm (D:2)
  A dart slug (D:2)
  2 leopard geckos
  An orc (D:3)
  6 bats
  2 giant cockroaches
  6 goblins
  2 hobgoblins
  3 frilled lizards
  7 kobolds
  8 rats
50 creatures vanquished.

Notes
Turn   | Place    | Note
-------+----------+-------------------------------------------
     0 | D:1      | Kohma the Demonspawn Fire Elementalist began the quest for the Orb.
     0 | D:1      | Reached XP level 1. HP: 13/13 MP: 3/3
   453 | D:1      | Gained mutation: You have a pair of small horns on your head. [demonic ancestry]
   453 | D:1      | Reached XP level 2. HP: 19/19 MP: 1/5
  1153 | D:2      | Noticed Jessica
  1157 | D:2      | Killed Jessica
  1157 | D:2      | Reached skill level 3 in Fire Magic
  1157 | D:2      | Gained mutation: You are partially covered in rugged brown scales. (AC +1, +3% HP) [demonic ancestry]
  1157 | D:2      | Reached XP level 3. HP: 19/24 MP: 3/6
  1486 | D:2      | Reached XP level 4. HP: 28/30 MP: 4/7
  1577 | D:2      | Learned a level 3 spell: Conjure Flame
  2094 | D:2      | Noticed Natasha
  2166 | D:2      | Killed Natasha
  2301 | D:2      | Found a runed door.
  2305 | D:2      | Noticed Crazy Yiuf
  2310 | D:2      | Killed Crazy Yiuf
  2310 | D:2      | Gained mutation: When hurt, damage is shared between your health and your magic reserves. [demonic ancestry]
  2310 | D:2      | Reached XP level 5. HP: 36/36 MP: 0/9
  2662 | D:2      | Noticed Natasha
  2733 | D:2      | Killed Natasha
  2899 | D:2      | Noticed Natasha
  2906 | D:2      | Killed Natasha
  2906 | D:2      | Reached skill level 4 in Fire Magic
  3011 | D:3      | Reached skill level 1 in Fighting
  3108 | D:3      | Noticed ImError's ghost (amateur HuWn)
  3192 | D:3      | Slain by ImError's ghost

Skill      XL: |  1  2  3  4  5 |
---------------+----------------+-----
Stealth        | 2 |  2.0
Dodging        | 2 3 |  3.0
Fire Magic     | 3 4 |  4.1
Conjurations   | 2 |  2.5
Fighting       | 1 |  1.1
Spellcasting   | 3 |  3.0

Action                   |  1- 3 |  4- 6 || total
-------------------------+-------+-------++-------
Melee: Unarmed           |    13 |       ||    13
       Dagger            |     2 |       ||     2
 Fire: Hunting sling     |    10 |    68 ||    78
Throw: Stone             |    25 |       ||    25
 Cast: Flame Tongue      |    26 |    64 ||    90
       Conjure Flame     |       |     2 ||     2
  Eat: Chunk             |     2 |     3 ||     5
       Ration            |       |     1 ||     1
Armor: Robe              |     8 |       ||     8
       Leather armour    |     1 |    18 ||    19
Dodge: Dodged            |    23 |    37 ||    60
